Map: Abyssal Reef LE

Players

Classic

  • Race: Protoss Protoss
  • League: Master
  • Spawn Location: 11:00

Ryung - Winner!

  • Race: Terran Terran
  • League: Master
  • Spawn Location: 5:00

VOD

https://www.twitch.tv/videos/165903033

Description

Time

  • Played on: Aug. 10, 2017, 11:35 a.m.
  • Length: 10:31
Show
View Real Time Build Order
Export as new Build Order

Classic Protoss 

Build Orders: 1 Gate Expand, Oracle Opening 

Get SALT Encoding   

  12  0:00  Probe (Chrono Boost)  
  13  0:11  Probe (Chrono Boost)  
  14  0:17  Pylon  
  14  0:21  Probe (Chrono Boost)  
  16  0:35  Probe (Chrono Boost)  
  16  0:36  Gateway  
  16  0:43  Assimilator  
  16  0:46  Probe (Chrono Boost)  
  17  0:57  Probe (Chrono Boost)  
  18  1:07  Probe (Chrono Boost)  
  19  1:19  Nexus  
  19  1:29  Cybernetics Core  
  19  1:33  Probe (Chrono Boost)  
  19  1:38  Assimilator  
  20  1:43  Probe (Chrono Boost)  
  21  1:50  Pylon  
  22  1:54  Probe (Chrono Boost)  
  22  2:04  Probe (Chrono Boost)  
  22  2:08  Adept (Chrono Boost)  
  25  2:16  Probe  
  25  2:17  Stargate  
  26  2:26  Warp Gate  
  26  2:28  Probe  
  26  2:29  Probe  
  27  2:33  Adept (Chrono Boost)  
  30  2:40  Probe x2  
  32  2:51  Probe  
  32  2:52  Probe  
  32  2:56  Adept (Chrono Boost)  
  36  3:03  Probe  
  36  3:04  Probe, Oracle (Chrono Boost)  
  41  3:09  Pylon  
  41  3:13  Probe  
  41  3:16  Probe  
  43  3:24  Probe  
  44  3:28  Probe  
  45  3:35  Oracle (Chrono Boost)  
  45  3:38  Gateway x2  
  45  3:39  Probe  
  45  3:41  Probe  
  50  3:48  Pylon  
  50  3:50  Mothership Core (Chrono Boost)  
  50  3:53  Probe  
  53  3:56  Assimilator  
  53  3:58  Assimilator  
  53  4:05  Probe (Chrono Boost)  
  53  4:08  Pylon  
  54  4:11  Probe (Chrono Boost)  
  54  4:13  Twilight Council  
  54  4:15  Forge  
  55  4:17  Probe (Chrono Boost)  
  55  4:21  Probe (Chrono Boost)  
  57  4:28  Probe (Chrono Boost)  
  58  4:32  Probe (Chrono Boost)  
  58  4:35  Nexus  
  59  4:41  Resonating Glaives  
  59  4:46  Stalker x2  
  59  4:51  Stalker  
  62  4:54  Protoss Ground Weapons Level 1 (Chrono Boost)  
  62  5:01  Pylon  
  60  5:15  Stalker x3  
  60  5:20  Pylon  
  60  5:36  Probe x2  
  60  5:38  Stalker x3  
  64  5:52  Probe x2  
  64  5:55  Probe  
  67  6:04  Probe x2  
  69  6:07  Gateway  
  69  6:10  Blink, Gateway  
  69  6:11  Gateway  
  69  6:13  Gateway  
  69  6:15  Gateway  
  69  6:19  Probe  
  69  6:20  Probe  
  69  6:21  Probe  
  72  6:29  Sentry  
  72  6:30  Sentry  
  72  6:32  Probe  
  76  6:33  Probe x2  
  76  6:36  Protoss Ground Armor Level 1 (Chrono Boost)  
  76  6:38  Pylon  
  79  6:43  Pylon, Sentry  
  79  6:44  Probe  
  79  6:45  Probe x2  
  84  6:54  Probe  
  84  6:57  Probe x2  
  84  6:58  Pylon  
  87  7:07  Probe  
  86  7:13  Adept x8  
  103  7:18  Robotics Facility  
  103  7:24  Pylon  
  103  7:35  Adept x4  
  103  7:36  Adept x2  
  115  7:39  Pylon  
  115  7:42  Stalker  
  117  7:45  Probe  
  117  7:46  Probe, Assimilator x2  
  119  7:53  Probe  
  119  7:54  Pylon  
  119  7:58  Probe x2  
  122  8:02  Stalker x3  
  120  8:10  Stalker x3  
  120  8:11  Observer (Chrono Boost)  
  123  8:15  Stalker x2  
  123  8:30  Warp Prism (Chrono Boost)  
  125  8:37  Robotics Bay  
  125  8:41  Robotics Facility  
  125  8:42  Probe  
  125  8:43  Probe x2  
  128  8:54  Adept x3  
  128  8:55  Adept x4  
  105  9:10  Stalker  
  89  9:17  Adept x7  
  95  9:27  Pylon  
  95  9:29  Observer (Chrono Boost)  
  96  9:33  Stalker  
  96  9:41  Stalker x7  
  91  9:56  Adept  
Show
View Real Time Build Order
Export as new Build Order

Ryung Terran - Winner!

Build Orders: Liberator Opening, Reaper Expand, MMM Bio 

Get SALT Encoding   

  12  0:01  SCV  
  13  0:13  SCV  
  14  0:17  Supply Depot  
  14  0:25  SCV  
  14  0:27  Refinery  
  15  0:39  SCV  
  16  0:44  Barracks  
  16  0:51  SCV  
  17  1:03  SCV  
  18  1:15  SCV  
  19  1:30  Orbital Command  
  19  1:31  Reaper  
  20  1:46  Command Center  
  20  1:56  Factory  
  20  1:59  SCV  
  21  2:05  Barracks Reactor  
  21  2:07  Refinery  
  21  2:11  SCV  
  22  2:16  Supply Depot  
  22  2:23  SCV  
  23  2:37  SCV  
  23  2:40  Starport  
  23  2:41  Marine x2  
  23  2:42  Widow Mine  
  28  2:50  SCV  
  29  2:59  Marine x2  
  29  3:00  Orbital Command  
  29  3:04  SCV  
  32  3:10  Widow Mine  
  34  3:17  Viking  
  36  3:21  Marine x2  
  36  3:25  SCV  
  39  3:28  SCV  
  39  3:33  Supply Depot  
  40  3:38  Liberator  
  40  3:39  SCV  
  40  3:40  SCV  
  42  3:44  Cyclone  
  42  3:47  Marine  
  46  3:50  Marine  
  46  3:55  SCV x2  
  51  3:58  Supply Depot  
  51  4:02  Supply Depot  
  51  4:07  Marine, SCV x2  
  54  4:19  Marine  
  54  4:20  Cyclone  
  58  4:24  SCV x2  
  58  4:25  Marine  
  61  4:31  Barracks  
  61  4:33  Barracks  
  61  4:36  SCV x2  
  63  4:48  SCV x2  
  63  4:49  Marine x2  
  67  4:56  Engineering Bay, Supply Depot  
  67  4:57  Refinery  
  67  5:03  SCV  
  67  5:04  SCV  
  67  5:06  Factory Reactor  
  69  5:07  Refinery  
  69  5:17  SCV  
  69  5:18  SCV  
  69  5:22  Marine x2  
  69  5:23  Barracks Tech Lab  
  69  5:24  Barracks Tech Lab  
  69  5:28  Terran Infantry Weapons Level 1  
  67  5:29  Starport Reactor  
  67  5:33  Barracks  
  67  5:34  SCV x2, Barracks  
  66  5:47  Stimpack, Combat Shields  
  64  5:53  SCV x2  
  61  5:58  Marauder x2, Marine  
  61  6:00  Marine, Command Center  
  67  6:05  SCV x2  
  69  6:14  Medivac  
  69  6:15  Medivac  
  69  6:17  Supply Depot x2  
  69  6:18  SCV x2  
  75  6:22  Marauder, Barracks Tech Lab  
  75  6:23  Barracks Reactor  
  75  6:24  Marine  
  78  6:28  Marine  
  78  6:38  Marauder, Widow Mine x2  
  84  6:42  Marauder  
  84  6:44  Marauder  
  84  6:45  Supply Depot  
  84  6:46  Supply Depot  
  88  6:51  Medivac x2  
  88  6:52  SCV x2  
  94  7:03  Supply Depot  
  94  7:07  Marine x2  
  98  7:08  Marauder  
  98  7:09  Marauder x2, Marine x2  
  98  7:12  Widow Mine x2  
  98  7:15  SCV x2  
  110  7:21  Liberator  
  110  7:23  Liberator  
  110  7:24  Terran Infantry Armor Level 1  
  110  7:29  Marine x2  
  111  7:30  Marine x2  
  111  7:34  SCV x2, Orbital Command  
  111  7:36  Marauder x2  
  120  7:37  Marauder  
  128  7:49  Marine x4  
  131  7:52  SCV x2  
  131  7:56  Supply Depot  
  131  7:57  Widow Mine  
  131  7:58  Widow Mine  
  133  8:03  Marauder  
  133  8:04  Marauder  
  133  8:07  Liberator x2  
  133  8:09  Marauder  
  131  8:13  SCV x2  
  131  8:18  SCV, Supply Depot x2  
  131  8:19  Supply Depot  
  134  8:20  Marine x3  
  143  8:28  Armory  
  143  8:30  SCV x3, Engineering Bay  
  143  8:32  Marine  
  143  8:34  Widow Mine  
  147  8:36  Refinery  
  147  8:38  Refinery  
  147  8:39  Marine x2  
  147  8:41  Marine  
  152  8:44  Marauder  
  152  8:46  Marauder  
  151  8:56  Liberator x2  
  125  9:12  Marauder x2, Marine x4, Widow Mine  
  125  9:13  Widow Mine  
  125  9:15  SCV x3  
  131  9:27  SCV x3  
  131  9:28  Marauder  
  134  9:42  Marauder x2, Marine x4  
  134  9:44  Widow Mine x2  
  146  9:50  Marauder  
  147  9:54  SCV x3  
  149  10:05  Marauder, Marine x3  
  149  10:06  Marauder, Marine  
Tags
 
Add a new tag
Caveats
  • Supply blocks, unpowered buildings, or Contaminate may cause inaccurate times.
  • Supply counts are checked every 10 seconds.